 Dungeon Crawl Stone Soup version 0.18.1-8-gdd0e5ea (webtiles) character file.

205 Firecrotchwizard the Cudgeler (level 5, -3/46 HPs)
             Began as a Draconian Berserker on June 12, 2016.
             Was a Believer of Trog.
             Slain by Crazy Yiuf
             ... wielding a +2 quarterstaff of chaos
              (8 damage)
             ... on level 2 of the Dungeon.
             The game lasted 00:05:05 (2211 turns).

Firecrotchwizard the Cudgeler (Draconian Berserker) Turns: 2211, Time: 00:05:06

Health: -3/46      AC:  5    Str: 20    XL:     5   Next: 52%
Magic:  1/5        EV: 13    Int:  8    God:    Trog [**....]
Gold:   72         SH:  0    Dex: 10    Spells: 0 memorised, 4 levels left

rFire  . . .     SeeInvis .     l - +2 mace (holy)
rCold  . . .     Gourm    .     (armour unavailable)
rNeg   . . .     Faith    .     (no shield)
rPois  .         Spirit   .     (helmet restricted)
rElec  .         Dismiss  .     (no cloak)
rCorr  .         Reflect  .     (no gloves)
SustAt .         Harm     .     (no boots)
MR     .....                    (no amulet)
Stlth  +.........               (no ring)
                                (no ring)

@: lethally poisoned (-3 -> -7), slowed, very slow, not resistant to hostile
enchantments, very unstealthy
A: unfitting armour, cold-blooded, AC +5
a: Berserk, Trog's Hand, Burn Spellbooks, Renounce Religion


You were on level 2 of the Dungeon.
You worshipped Trog.
Trog was pleased with you.
You were not hungry.

You visited 1 branch of the dungeon, and saw 2 of its levels.

You collected 72 gold pieces.

Inventory:

Hand Weapons
 a - a +0 mace
 l - a +2 mace of holy wrath (weapon)
Scrolls
 b - a scroll of identify {unknown}
 c - a scroll of enchant weapon {unknown}
 d - a scroll of teleportation {unknown}
 e - a scroll of blinking {unknown}
 i - a scroll of fog {unknown}
 j - a scroll of remove curse {unknown}
 m - a scroll of immolation {unknown}
Potions
 f - a potion of magic {unknown}
 g - a potion of flight {unknown}
Comestibles
 h - a meat ration


   Skills:
 + Level 4.1 Fighting
 + Level 4.2 Maces & Flails
 + Level 4.2 Dodging
 + Level 1.5 Stealth


You had 4 spell levels left.
You didn't know any spells.

Dungeon Overview and Level Annotations

Branches:
Dungeon (2/15)

Altars:

Annotations:
D:2 Crazy Yiuf


Innate Abilities, Weirdness & Mutations

Your plain brown scales are hard (AC +5).
Your body does not fit into most forms of armour.
You are cold-blooded and may be slowed by cold attacks.


Message History

You sock Crazy Yiuf!
Crazy Yiuf is severely wounded.
You feel sick.
Crazy Yiuf drinks a potion.
Crazy Yiuf is healed!
You hit Crazy Yiuf.
Crazy Yiuf is heavily wounded.
You feel sick.
Crazy Yiuf hits you with a quarterstaff of chaos.
You feel your power leaking away.
You closely miss Crazy Yiuf.
Crazy Yiuf is heavily wounded.
You feel sick.
Crazy Yiuf hits you with a quarterstaff of chaos!
You feel yourself slow down.
You hit Crazy Yiuf but do no damage.
Crazy Yiuf is moderately wounded.
Crazy Yiuf hits you with a quarterstaff of chaos.
You are electrocuted!
* * * LOW HITPOINT WARNING * * *
Crazy Yiuf hits you with a quarterstaff of chaos!
You die...

######
#....##
#.....##
#####
#......#####
#)..#
#......#...#
#...#
#......#...#
#.g.#
#......#...#
#@#
#......#....
♣.♣♣
#...†...((..
♣♣.♣
#.......##.#
♣.♣♣
#.......##.#
♣♣.♣
#.......##.#
♣♣.♣♣
#........#.#
♣♣...♣
#......#>..>
♣....♣
#..<.....##.
##..##
#....###.###


You could see Crazy Yiuf.

Vanquished Creatures
  Terence (D:2)
  Natasha (D:2)
  4 gnolls (D:2)
  6 adders (D:2)
  4 worms (D:2)
  2 giant geckos (D:1)
  A ball python (D:1)
  5 giant cockroaches
  4 goblins (D:1)
  4 hobgoblins
  3 jackals (D:1)
  5 bats
  3 giant newts
  6 kobolds
  6 rats
55 creatures vanquished.

Notes
Turn   | Place    | Note
--------------------------------------------------------------
     0 | D:1      | Firecrotchwizard the Draconian Berserker began the quest for the Orb.
     0 | D:1      | Reached XP level 1. HP: 19/19 MP: 1/1
    80 | D:1      | Reached XP level 2. HP: 15/26 MP: 2/2
   870 | D:1      | Reached XP level 3. HP: 31/31 MP: 3/3
  1039 | D:1      | Reached ** piety under Trog
  1251 | D:2      | Noticed Terence
  1266 | D:2      | Reached XP level 4. HP: 38/38 MP: 4/4
  1276 | D:2      | Killed Terence
  1281 | D:2      | Reached skill level 1 in Stealth
  1421 | D:2      | Reached XP level 5. HP: 28/46 MP: 5/5
  1939 | D:2      | Noticed Natasha
  1952 | D:2      | Killed Natasha
  2203 | D:2      | Noticed Crazy Yiuf
  2211 | D:2      | Slain by Crazy Yiuf

Skill      XL: |  1  2  3  4  5 |
---------------+----------------+-----
Dodging        | 3 4 |  4.2
Maces & Flails | 4 |  4.2
Stealth        | 1 |  1.5
Fighting       | 4 |  4.1

Action                   |  1- 3 |  4- 6 || total
-------------------------+-------+-------++-------
Melee: Mace              |   126 |    79 ||   205
       Tailslap          |    11 |     9 ||    20
Invok: Berserk           |     1 |       ||     1
 Stab: Sleeping          |     1 |       ||     1
  Eat: Bread ration      |     1 |     1 ||     2
Armor: Skin              |    35 |    16 ||    51
Dodge: Dodged            |    92 |    42 ||   134
